 Dungeon Crawl Stone Soup version 0.19-a0-1007-g133f65f (webtiles) character file.

102 st0uf the Shield-Bearer (level 5, 0/42 HPs)
             Began as a Formicid Fighter on July 20, 2016.
             Slain by an adder (4 damage)
             ... on level 2 of the Dungeon.
             The game lasted 00:03:36 (1028 turns).

st0uf the Shield-Bearer (Formicid Fighter)          Turns: 1028, Time: 00:03:37

Health: 0/42       AC:  7    Str: 21    XL:     5   Next: 5%
Magic:  5/5        EV:  9    Int:  7    God:
Gold:   65         SH:  9    Dex: 11    Spells: 0 memorised, 4 levels left

rFire  . . .     SeeInvis +     a - +0 war axe
rCold  . . .     Gourm    .     b - +0 scale mail
rNeg   . . .     Faith    .     c - +0 shield
rPois  .         Spirit   .     (helmet unavailable)
rElec  .         Dismiss  .     (no cloak)
rCorr  .         Reflect  .     (no gloves)
SustAt .         Harm     .     (no boots)
MR     .....                    (no amulet)
Stlth  ..........               (no ring)
                                (no ring)

@: not resistant to hostile enchantments, extremely unstealthy
A: permanent stasis, dig shafts and tunnels, four strong arms, antennae 3
a: Dig, Shaft Self


You were on level 2 of the Dungeon.
You were not hungry.

You visited 1 branch of the dungeon, and saw 2 of its levels.

You collected 65 gold pieces.

Inventory:

Hand Weapons
 a - a +0 war axe (weapon)
Armour
 b - a +0 scale mail (worn)
 c - a +0 shield (worn)
Scrolls
 g - a scroll of magic mapping {unknown}
 i - a scroll of fog {unknown}
 k - a scroll of blinking {unknown}
Potions
 d - a potion of might
 e - a potion of curing
 h - a potion of berserk rage {unknown}
Comestibles
 f - a bread ration


   Skills:
 + Level 3.8 Fighting
 + Level 2.8 Axes
 + Level 3.7 Armour
 + Level 1.7 Dodging
 + Level 4.2 Shields


You had 4 spell levels left.
You didn't know any spells.

Dungeon Overview and Level Annotations

Branches:
Dungeon (2/15)

Altars:


Innate Abilities, Weirdness & Mutations

You are under a permanent stasis effect.
You can dig through walls and to a lower floor.
Your four strong arms can wield two-handed weapons with a shield.
You have a pair of large antennae on your head. (SInv)


Message History

* * * LOW HITPOINT WARNING * * *
You feel sick. The adder bites you but does no damage.
The adder closely misses you.
It was a potion of curing.
You feel better. The adder bites you but does no damage.
You miss the adder.
The adder is severely wounded.
The adder bites you but does no damage. x2
You barely miss the adder.
The adder is severely wounded.
You block the adder's attack. The adder bites you.
* * * LOW HITPOINT WARNING * * *
You miss the adder.
The adder is severely wounded.
The adder bites you but does no damage. The adder bites you.
* * * LOW HITPOINT WARNING * * *
You hit the adder but do no damage.
The adder is severely wounded.
The adder bites you.
You die...

........#
........#
.....!..#
........# ##
......... .#
........# #.#
......S.#####.#
......)@##....#
..............#
.#####.###....# #.
##.#.######### #.
#.#.#........ #.
#.)...(# #.
######.######.
#.#######
#........
..>#...###.###.##.


You could see an adder.

Vanquished Creatures
  Ijyb (D:2)
  Natasha (D:2)
  A worm (D:2)
  A dart slug (D:1)
  3 giant geckos
  2 giant cockroaches (D:1)
  5 hobgoblins (D:1)
  6 jackals
  7 kobolds
  3 bats
  7 goblins
  5 rats
42 creatures vanquished.

Notes
Turn   | Place    | Note
-------+----------+-------------------------------------------
     0 | D:1      | st0uf the Formicid Fighter began the quest for the Orb.
     0 | D:1      | Reached XP level 1. HP: 18/18 MP: 1/1
   107 | D:1      | Reached XP level 2. HP: 22/24 MP: 2/2
   369 | D:1      | Reached XP level 3. HP: 29/29 MP: 3/3
   791 | D:2      | Noticed Ijyb
   804 | D:2      | Killed Ijyb
   804 | D:2      | Reached skill level 1 in Dodging
   804 | D:2      | Reached skill level 4 in Shields
   804 | D:2      | Reached XP level 4. HP: 24/37 MP: 4/4
   943 | D:2      | Noticed Natasha
   948 | D:2      | Killed Natasha
   967 | D:2      | Reached XP level 5. HP: 32/42 MP: 5/5
  1028 | D:2      | Slain by an adder

Vault maps used:
D:1:      elethiomel_arrival_infinity_welcomes_careful_drivers
D:2:      st_stairs_6, uniq_iyjb, uniq_terence, uniq_natasha

Skill      XL: |  1  2  3 |
---------------+----------+-----
Dodging        | 1 |  1.7
Shields        | 4 |  4.2
Fighting       | |  3.8
Axes           | |  2.8
Armour         | |  3.7

Action                   |  1- 3 |  4- 6 || total
-------------------------+-------+-------++-------
Melee: War axe           |   100 |    58 ||   158
  Use: Potion            |       |     1 ||     1
  Eat: Chunk             |       |     1 ||     1
Armor: Scale mail        |    40 |    22 ||    62
Dodge: Dodged            |    33 |    30 ||    63
Block: Shield            |    59 |    30 ||    89
